 Dungeon Crawl Stone Soup version 0.20.0-1-g1cb1d84 (webtiles) character file.

13329 Gorglomux the Cleaver (level 12, -3/112 HPs)
             Began as a Hill Orc Monk on May 26, 2017.
             Was a High Priest of Trog.
             Slain by an eight-headed hydra (7 damage)
             ... on level 1 of the Lair of Beasts.
             The game lasted 00:08:19 (9576 turns).

Gorglomux the Cleaver (Hill Orc Monk)               Turns: 9576, Time: 00:08:21

Health: -3/112     AC: 12    Str: 15    XL:     12   Next: 4%
Magic:  12/12      EV: 15    Int: 10    God:    Trog [*****.]
Gold:   377        SH:  8    Dex: 17    Spells: 11/11 levels left

rFire    + . .     SeeInvis .   U - +3 war axe (elec)
rCold    . . .     Gourm    .   l - +2 buckler
rNeg     . . .     Faith    .   k - +0 ring mail
rPois    .         Spirit   .   (no helmet)
rElec    .         Reflect  .   d - +2 cloak
rCorr    .         Harm     .   u - +0 pair of gloves
MR       .....                  n - +0 pair of boots
Stlth    ++........             t - amulet of rage
Regen    0.3/turn               x - ring of stealth
MPRegen  0.2/turn               f - ring of protection from fire

@: no status effects
A: no striking features
a: Berserk, Trog's Hand, Brothers in Arms, Burn Spellbooks, Renounce Religion,
Evoke Berserk Rage


You were on level 1 of the Lair of Beasts.
You worshipped Trog.
Trog was extremely pleased with you.
You were near starving.

You visited 3 branches of the dungeon, and saw 12 of its levels.

You collected 377 gold pieces.

Inventory:

Hand Weapons
 U - a +3 war axe of electrocution (weapon)
Missiles
 Z - 2 throwing nets (quivered)
Armour
 d - a +2 cloak (worn)
 k - a +0 ring mail (worn)
 l - a +2 buckler (worn)
 n - a +0 pair of boots (worn)
 u - a +0 pair of gloves (worn)
Jewellery
 f - a ring of protection from fire (right hand)
 t - an amulet of rage (around neck)
 x - a ring of stealth (left hand)
Wands
 A - a wand of acid (14/15)
Scrolls
 m - a scroll of enchant weapon
 s - a scroll of holy word {unknown}
 B - 5 scrolls of remove curse
 C - 3 scrolls of recharging
 E - 4 scrolls of fog
 H - 2 scrolls of magic mapping {unknown}
 K - a scroll of noise {unknown}
 L - a scroll of enchant armour
 N - a scroll of blinking {unknown}
 T - 3 scrolls of teleportation
 W - 2 scrolls of random uselessness {unknown}
Potions
 h - 5 potions of mutation {!q}
 j - 3 potions of invisibility
 r - a potion of resistance
 D - a potion of degeneration
 F - 4 potions of lignification
 G - a potion of haste
 I - 2 potions of flight
 M - 4 potions of agility
 O - 2 potions of brilliance
 Q - 4 potions of curing
 S - a potion of might {unknown}
 V - 2 potions of heal wounds {unknown}
Miscellaneous
 X - a phial of floods (inert)
Comestibles
 c - 3 bread rations
 v - 11 fruits
 z - 3 meat rations
 P - 4 royal jellies


   Skills:
 + Level 12.1 Fighting
 + Level 13.1 Axes
 + Level 8.3 Armour
 + Level 6.5 Dodging
 - Level 1.5 Stealth
 - Level 8.3 Shields


You had 11 spell levels left.
You didn't know any spells.

Dungeon Overview and Level Annotations

Branches:
Dungeon (10/15)            Temple (1/1) D:4            Lair (1/6) D:9
    Orc (0/2) D:9

Altars:
Ashenzari
Cheibriados
Dithmenos
Elyvilon
Fedhas
Gozag
Hepliaklqana
Kikubaaqudgha
Makhleb
Nemelex Xobeh
Okawaru
Qazlal
Ru
Sif Muna
Trog
Uskayaw
Vehumet
Xom
Yredelemnul
Zin
The Shining One

Shops:
D:7 [


Message History

The water rises up and takes form.
You hear a croak.
The eight-headed hydra barely misses you.
The eight-headed hydra bites you.
* * * LOW HITPOINT WARNING * * *
The eight-headed hydra misses you. The eight-headed hydra bites you!
* * * LOW HITPOINT WARNING * * *
The eight-headed hydra misses you. The eight-headed hydra bites you.
* * * LOW HITPOINT WARNING * * *
The eight-headed hydra bites you.
* * * LOW HITPOINT WARNING * * *
The eight-headed hydra barely misses you.
Unknown command.
You block the eight-headed hydra's attack.
The eight-headed hydra closely misses you.
The eight-headed hydra bites you but does no damage.
The eight-headed hydra bites you.
* * * LOW HITPOINT WARNING * * *
The eight-headed hydra bites you!
You die...

### ## ######
####.###.#
##.##.######........##
............≈≈≈≈E....#
#..##P##P##..≈≈≈.....#
#..#########.≈tD@....##
Pt## ##.........>####
..# #........P.....#
..# ## .........##....
..###.#
##.......#...#..
......# #.....#..<.# #
......## ##..###..###
.......## #####..##
........# ##....#


You could see an eight-headed hydra, a crocodile and a friendly water elemental.

Vanquished Creatures
  5 two-headed ogres
  Urug (D:10)
  An unseen horror (D:10)
  2 ugly things (D:9)
  The ghost of Gorglomux the Slicer, a novice KoBe of Trog (D:8)
  A spiny frog (Lair:1)
  The ghost of salade2fruit the Magician, a novice OpWz of Vehumet (D:4)
  A troll (D:10)
  Prince Ribbit (D:7)
  A hippogriff (D:8)
  16 yaks
  A wyvern (D:9)
  A hungry ghost (D:8)
  A hornet zombie (D:10)
  An ice beast (D:10)
  A sky beast (D:4)
  A phantom (D:7)
  A black bear (D:8)
  A necrophage (D:10)
  2 orc warriors
  3 ogres
  3 centaurs
  A crocodile (D:7)
  2 big kobolds
  A bullfrog (D:8)
  3 scorpions
  19 wights
  13 killer bees
  3 howler monkeys
  2 crimson imps
  3 centaur zombies
  A bullfrog zombie (D:4)
  2 jellies
  4 hounds
  4 orc priests
  6 orc wizards
  2 centaur skeletons
  2 iguanas
  7 worker ants
  A hound skeleton (D:4)
  5 gnolls
  10 adders
  An ooze (D:5)
  3 adder zombies
  3 adder skeletons
  2 worms (D:2)
  5 dart slugs
  2 leopard geckos
  23 orcs
  A ball python (D:1)
  7 giant cockroaches
  3 goblins
  5 hobgoblins
  14 jackals
  7 quokkas
  5 bats
  3 frilled lizards
  A giant cockroach zombie (D:5)
  2 gnoll zombies (D:5)
  A jackal skeleton (D:8)
  A jackal zombie (D:5)
  10 kobolds
  A leopard gecko zombie (D:5)
  4 rats
242 creatures vanquished.

Notes
Turn   | Place    | Note
-------+----------+-------------------------------------------
     0 | D:1      | Gorglomux the Hill Orc Monk began the quest for the Orb.
     0 | D:1      | Reached XP level 1. HP: 19/19 MP: 1/1
    68 | D:1      | Reached XP level 2. HP: 18/27 MP: 2/2
   610 | D:2      | Reached XP level 3. HP: 29/33 MP: 3/3
   818 | D:2      | Found a sparkling altar of Nemelex Xobeh.
   829 | D:2      | Reached skill level 5 in Axes
  1152 | D:2      | Reached XP level 4. HP: 28/41 MP: 4/4
  1895 | D:3      | Found a glowing golden altar of the Shining One.
  2001 | D:3      | Reached XP level 5. HP: 48/48 MP: 5/5
  2003 | D:3      | Found a shimmering altar of Xom.
  2089 | D:3      | Found a blossoming altar of Fedhas.
  2094 | D:3      | Found a stormy altar of Qazlal.
  2382 | D:4      | Reached skill level 6 in Axes
  2662 | D:4      | Noticed salade2fruit's ghost (novice OpWz)
  2664 | D:4      | Found a staircase to the Ecumenical Temple.
  2674 | Temple   | Entered the Ecumenical Temple
  2921 | Temple   | Became a worshipper of Trog the Wrathful
  2921 | Temple   | Reached * piety under Trog
  2921 | Temple   | Reached ** piety under Trog
  2968 | D:4      | Killed salade2fruit's ghost
  2968 | D:4      | Reached skill level 6 in Fighting
  2968 | D:4      | Reached skill level 7 in Axes
  2968 | D:4      | Reached XP level 6. HP: 58/58 MP: 6/6
  2980 | D:4      | Reached XP level 7. HP: 66/66 MP: 7/7
  3112 | D:4      | Reached skill level 8 in Axes
  3692 | D:5      | Entered Level 5 of the Dungeon
  3717 | D:5      | Got a scintillating golden ring
  3723 | D:5      | Identified the ring "Jifotil" {Fire rN+} (You found it on level 5 of the Dungeon)
  3837 | D:5      | Reached skill level 9 in Axes
  3837 | D:5      | Reached XP level 8. HP: 74/74 MP: 8/8
  4510 | D:5      | Found a basalt altar of Yredelemnul.
  4705 | D:6      | Reached skill level 1 in Shields
  4757 | D:6      | Reached skill level 1 in Armour
  5043 | D:6      | Reached skill level 3 in Dodging
  5154 | D:6      | Reached skill level 9 in Fighting
  5156 | D:6      | Reached *** piety under Trog
  5211 | D:6      | Found a sacrificial altar of Ru.
  5375 | D:6      | Reached skill level 10 in Axes
  5444 | D:6      | Reached skill level 3 in Armour
  5444 | D:6      | Reached XP level 9. HP: 83/83 MP: 9/9
  5451 | D:6      | Reached skill level 3 in Shields
  5914 | D:7      | Found a shattered altar of Ashenzari.
  5917 | D:7      | Found Liokur's Antique Armour Shop.
  6094 | D:7      | Reached **** piety under Trog
  6114 | D:7      | Noticed Prince Ribbit
  6126 | D:7      | Killed Prince Ribbit
  6488 | D:8      | Noticed a two-headed ogre
  6497 | D:8      | Killed a two-headed ogre
  6497 | D:8      | Reached skill level 11 in Axes
  6497 | D:8      | Reached XP level 10. HP: 33/93 MP: 10/10
  6895 | D:8      | Noticed a two-headed ogre
  6907 | D:8      | Killed a two-headed ogre
  6990 | D:8      | Noticed a two-headed ogre
  7002 | D:8      | Killed a two-headed ogre
  7002 | D:8      | Reached skill level 6 in Armour
  7081 | D:8      | Noticed Gorglomux's ghost (novice KoBe)
  7090 | D:8      | Killed Gorglomux's ghost
  7090 | D:8      | Reached skill level 6 in Shields
  7430 | D:9      | Found a staircase to the Lair.
  7461 | D:10     | Entered Level 10 of the Dungeon
  7472 | D:10     | Reached skill level 12 in Axes
  7473 | D:10     | Reached XP level 11. HP: 85/102 MP: 11/11
  7658 | D:10     | Killed an unseen horror
  7744 | D:10     | Noticed a two-headed ogre
  7749 | D:10     | Killed a two-headed ogre
  7803 | D:10     | Reached skill level 6 in Dodging
  7968 | D:10     | Noticed a two-headed ogre
  7979 | D:10     | Killed a two-headed ogre
  8146 | D:9      | Reached ***** piety under Trog
  8161 | D:9      | Noticed a cyan ugly thing
  8175 | D:9      | Killed a cyan ugly thing
  8435 | D:9      | Noticed a purple ugly thing
  8443 | D:9      | Killed a purple ugly thing
  8559 | D:9      | Found a deep blue altar of Sif Muna.
  8706 | D:9      | Found a staircase to the Orcish Mines.
  9051 | D:10     | Noticed Urug
  9069 | D:10     | Killed Urug
  9069 | D:10     | Reached skill level 12 in Fighting
  9069 | D:10     | Reached skill level 13 in Axes
  9069 | D:10     | Reached XP level 12. HP: 49/112 MP: 12/12
  9444 | Lair:1   | Entered Level 1 of the Lair of Beasts
  9527 | Lair:1   | Noticed a seven-headed hydra
  9576 | Lair:1   | HP: 4/112 [eight-headed hydra (3)]
  9576 | Lair:1   | Slain by an eight-headed hydra

Skill      XL: |  1  2  3  4  5  6  7  8  9 10 11 |
---------------+----------------------------------+-----
Fighting       | 4 5 6 7 8 9 10 11 12 | 12.1
Axes           | 5 7 9 10 11 12 13 | 13.1
Shields        | 2 4 6 8 |  8.3
Armour         | 3 5 6 8 |  8.3
Dodging        | 3 4 5 6 |  6.5
Stealth        | |  1.5

Action                   |  1- 3 |  4- 6 |  7- 9 | 10-12 || total
-------------------------+-------+-------+-------+-------++-------
Melee: Hand axe          |   104 |    72 |       |       ||   176
       War axe           |       |    30 |   273 |   248 ||   551
Invok: Berserk           |       |       |     8 |     3 ||    11
       Trog's Hand       |       |       |       |     2 ||     2
       Burn Spellbooks   |       |       |       |     1 ||     1
Evoke: Phial of floods   |       |       |       |     1 ||     1
  Use: Scroll            |       |     4 |     3 |    11 ||    18
 Stab: Sleeping          |     1 |     1 |     2 |     5 ||     9
       Distracted        |       |       |       |     1 ||     1
  Eat: Chunk             |     1 |     5 |    19 |    14 ||    39
Armor: Robe              |     6 |       |       |       ||     6
       Ring mail         |    30 |    45 |    66 |    56 ||   197
Dodge: Dodged            |    44 |    74 |   109 |   146 ||   373
Block: Buckler           |       |       |    50 |    83 ||   133
